Map: New Repugnancy LE

Players

FLORENCIO - Winner!

  • Race: Terran Terran
  • League: Diamond
  • Spawn Location: 7:00

Jawa

  • Race: Protoss Protoss
  • League: Diamond
  • Spawn Location: 1:00

VOD

Have the link to the VOD?

Description

Time

  • Played on: July 7, 2019, 3:54 p.m.
  • Length: 43:09
Show
View Real Time Build Order
Export as new Build Order

FLORENCIO Terran - Winner!

Build Orders: Mech 

Get SALT Encoding   

  12  0:01  SCV  
  13  0:14  SCV  
  14  0:18  Supply Depot  
  14  0:29  SCV  
  15  0:38  Refinery  
  15  0:41  SCV  
  16  0:46  Barracks  
  16  0:54  SCV  
  17  1:20  Supply Depot  
  17  1:22  SCV  
  18  1:34  SCV  
  19  1:43  Reaper  
  19  1:46  SCV  
  21  1:54  Command Center  
  21  1:58  SCV  
  22  2:10  Bunker  
  22  2:15  Marine  
  22  2:17  Orbital Command  
  23  2:33  Marine, Refinery  
  24  2:51  Marine  
  25  3:08  Marine  
  26  3:39  Factory  
  25  3:41  Factory  
  25  3:47  Marine  
  26  3:53  Orbital Command  
  26  4:00  SCV  
  27  4:05  Marine  
  27  4:06  Supply Depot  
  27  4:08  Supply Depot  
  28  4:12  SCV  
  29  4:21  SCV  
  30  4:24  SCV  
  31  4:33  SCV  
  31  4:35  Widow Mine x2  
  31  4:36  SCV  
  37  4:40  Armory  
  37  4:44  Engineering Bay  
  37  4:46  SCV  
  38  4:53  Refinery  
  38  4:56  Refinery, Widow Mine  
  38  4:57  Widow Mine  
  38  4:59  SCV  
  43  5:11  SCV  
  44  5:18  Widow Mine x2, Starport  
  48  5:29  Marine  
  48  5:31  SCV  
  50  5:39  Widow Mine x2  
  50  5:41  Supply Depot  
  54  5:43  SCV  
  54  5:45  Supply Depot  
  54  5:46  SCV  
  54  5:47  Marine  
  57  5:55  SCV  
  58  6:00  Liberator  
  58  6:03  Factory Tech Lab x2  
  61  6:16  Missile Turret  
  61  6:17  Missile Turret  
  61  6:26  Factory x2  
  61  6:31  Supply Depot  
  61  6:33  Supply Depot  
  61  6:35  SCV  
  61  6:36  SCV  
  63  6:47  SCV  
  64  6:48  SCV  
  65  6:57  Siege Tank x2  
  65  6:59  SCV  
  65  7:00  SCV  
  73  7:03  Starport Tech Lab  
  73  7:11  SCV  
  73  7:12  SCV  
  75  7:17  Factory Tech Lab  
  75  7:18  Command Center  
  75  7:19  Factory Tech Lab  
  75  7:24  Drilling Claws  
  75  7:29  Siege Tank  
  78  7:48  Liberator  
  81  8:00  Ghost Academy  
  81  8:04  Barracks Tech Lab  
  81  8:05  Ghost Academy  
  81  8:13  Siege Tank  
  81  8:14  Siege Tank  
  87  8:31  Liberator  
  79  9:02  Missile Turret  
  79  9:07  Widow Mine x4  
  87  9:28  Widow Mine x2  
  87  9:29  Widow Mine x2  
  87  9:30  Planetary Fortress  
  95  9:50  Widow Mine x4  
  95  10:08  Command Center  
  95  10:09  Personal Cloaking  
  95  10:10  Nuke  
  95  10:11  Widow Mine x3  
  95  10:12  Widow Mine  
  103  10:15  Supply Depot, Ghost  
  105  10:32  Widow Mine  
  107  10:36  Thor  
  113  10:43  Ghost  
  115  10:52  SCV  
  116  11:04  SCV  
  116  11:09  Missile Turret  
  117  11:19  Thor, Ghost  
  117  11:20  SCV, Siege Tank x2  
  132  11:29  Command Center  
  132  11:42  Refinery  
  132  11:47  Refinery  
  132  11:48  Supply Depot  
  132  12:09  Ghost  
  132  12:10  SCV  
  135  12:17  Planetary Fortress  
  135  12:22  SCV  
  136  12:25  Missile Turret  
  136  12:38  Ghost  
  136  12:41  Nuke x2  
  137  12:49  Thor x3  
  152  13:08  Thor  
  136  13:23  SCV  
  126  13:32  Thor, Widow Mine  
  134  13:35  SCV  
  135  13:47  SCV  
  136  13:52  Widow Mine  
  136  13:54  Widow Mine  
  138  13:59  SCV  
  131  14:11  SCV  
  131  14:13  Widow Mine  
  131  14:15  Widow Mine x2  
  128  14:28  Nuke  
  128  14:29  Nuke  
  128  14:30  Thor  
  134  14:35  Widow Mine  
  134  14:36  Widow Mine  
  134  14:37  Widow Mine  
  140  14:41  Missile Turret  
  140  15:00  Planetary Fortress  
  140  15:17  Command Center  
  140  15:41  SCV x2, Widow Mine  
  140  15:52  Supply Depot  
  140  15:53  Supply Depot  
  140  15:54  Supply Depot  
  140  16:13  Thor  
  140  16:14  SCV x2, Ghost, Thor  
  156  16:19  Refinery  
  156  16:20  Refinery  
  156  16:26  SCV x3  
  159  16:38  SCV x3  
  162  16:42  Ghost  
  162  16:43  Command Center  
  162  16:44  Widow Mine x2  
  168  16:50  SCV x3  
  171  16:57  Widow Mine, Thor  
  179  17:03  Refinery  
  179  17:12  Nuke x2  
  179  17:35  Planetary Fortress  
  164  17:54  Thor x2, SCV x3  
  164  17:58  Thor  
  157  18:06  SCV x3  
  158  18:18  SCV x2  
  160  18:30  SCV  
  154  18:48  Hellbat x4  
  162  18:52  SCV  
  162  18:54  Missile Turret  
  163  19:00  Ghost  
  163  19:05  SCV  
  163  19:09  SCV, Hellbat x4  
  173  19:10  Planetary Fortress  
  173  19:17  SCV  
  174  19:21  SCV  
  175  19:29  SCV, Ghost  
  175  19:31  Hellbat  
  113  20:00  Thor x2  
  113  20:01  Thor x2  
  122  20:24  SCV  
  123  20:36  SCV  
  124  20:45  Command Center  
  124  20:48  Refinery, SCV  
  125  21:00  SCV, Nuke  
  126  21:08  Missile Turret  
  126  21:12  SCV  
  126  21:13  Refinery  
  127  21:23  Hellion x2  
  127  21:24  Hellion x2  
  127  21:25  SCV  
  136  21:37  SCV  
  137  21:45  Hellion x4  
  145  21:49  SCV  
  143  22:06  Hellion x2  
  147  22:14  SCV  
  148  22:17  SCV  
  149  22:26  SCV  
  151  22:30  SCV  
  151  22:38  SCV  
  151  22:42  SCV  
  153  22:50  SCV  
  154  23:02  SCV  
  155  23:14  SCV  
  142  23:29  Widow Mine x4  
  150  23:42  Planetary Fortress  
  150  23:50  Widow Mine x4  
  150  23:51  SCV  
  159  23:55  Refinery  
  159  23:58  Refinery  
  159  24:03  SCV  
  152  24:11  Widow Mine  
  152  24:12  Widow Mine x3  
  152  24:15  SCV  
  158  24:33  Widow Mine x4  
  157  24:54  Widow Mine x3  
  157  24:57  Widow Mine  
  163  25:20  SCV  
  164  25:37  Thor, SCV  
  157  25:49  SCV  
  146  26:01  SCV  
  105  26:13  SCV  
  105  26:15  Hellion x3  
  104  26:19  SCV  
  104  26:20  Hellion  
  107  26:29  Refinery  
  107  26:31  SCV  
  108  26:34  Missile Turret  
  108  26:35  Missile Turret  
  108  26:36  Hellion x3  
  114  26:42  Hellion  
  116  26:49  Command Center  
  116  26:57  Hellion  
  116  26:58  Hellion x2  
  122  27:03  Hellion  
  112  27:19  Hellion x3  
  118  27:24  Hellion  
  116  27:40  Hellion, Widow Mine x2  
  110  27:46  Widow Mine  
  112  28:02  Widow Mine x3  
  108  28:07  Widow Mine  
  108  28:12  Ghost  
  108  28:14  Nuke x2  
  108  28:17  Planetary Fortress  
  108  28:20  Missile Turret  
  108  28:23  Widow Mine x3  
  108  28:29  Widow Mine  
  110  28:40  Ghost  
  112  28:41  Fusion Core  
  112  28:44  Widow Mine  
  112  28:45  Widow Mine x2  
  118  28:57  Widow Mine  
  120  29:06  Widow Mine x3  
  126  29:19  Widow Mine  
  128  29:27  Widow Mine x2  
  132  29:40  SCV  
  132  29:41  SCV  
  132  29:42  SCV  
  135  29:46  Command Center  
  135  29:52  SCV  
  136  29:54  SCV x2  
  138  30:04  SCV  
  138  30:06  SCV x2  
  135  30:16  SCV  
  135  30:18  SCV x2  
  138  30:28  SCV  
  138  30:30  SCV, Nuke x2  
  138  30:32  Battlecruiser  
  138  30:33  Widow Mine x3  
  138  30:34  Widow Mine  
  132  30:55  Widow Mine x4  
  97  31:16  Widow Mine x4  
  97  31:21  SCV  
  97  31:23  SCV  
  97  31:25  SCV  
  100  31:33  SCV  
  100  31:35  SCV  
  100  31:37  SCV, Widow Mine x2  
  100  31:38  Widow Mine x2  
  107  31:47  SCV  
  107  31:57  Planetary Fortress  
  107  31:59  Widow Mine x4, SCV x2  
  116  32:03  Battlecruiser  
  122  32:11  SCV x2  
  119  32:20  Widow Mine x3  
  119  32:21  Widow Mine  
  127  32:23  SCV x2  
  127  32:24  SCV  
  130  32:35  SCV  
  130  32:36  SCV x2  
  133  32:41  Widow Mine, Siege Tank x2  
  133  32:42  Siege Tank  
  144  32:47  SCV  
  145  32:58  Nuke x2  
  145  33:03  Siege Tank  
  148  33:07  Battlecruiser  
  148  33:09  SCV  
  148  33:10  SCV  
  148  33:12  Refinery  
  156  33:21  SCV  
  156  33:22  SCV  
  158  33:29  Command Center  
  158  33:33  SCV  
  143  33:45  SCV  
  144  33:57  SCV  
  144  33:59  Ghost  
  144  34:01  SCV  
  148  34:05  SCV  
  148  34:09  SCV  
  150  34:12  Battlecruiser  
  150  34:13  SCV  
  154  34:21  SCV  
  155  34:33  SCV  
  150  34:45  SCV  
  151  34:57  SCV  
  152  35:20  Planetary Fortress  
  152  35:44  Thor x4  
  170  36:25  Battlecruiser  
  170  36:27  Thor x3  
  170  36:31  SCV  
  189  36:34  SCV  
  189  36:35  Missile Turret  
  189  36:36  SCV  
  187  36:43  SCV  
  187  36:46  SCV  
  179  36:48  SCV  
  180  36:55  SCV  
  180  36:58  SCV  
  182  37:04  Widow Mine  
  182  37:07  SCV  
  179  37:10  Widow Mine x2, SCV  
  179  37:11  Widow Mine  
  186  37:15  Refinery  
  186  37:18  Refinery  
  186  37:19  SCV  
  188  37:22  SCV  
  188  37:25  Widow Mine  
  188  37:26  Ghost  
  188  37:28  Command Center  
  192  37:32  Widow Mine x2  
  192  37:35  Widow Mine  
  192  37:36  SCV  
  194  37:38  Command Center  
  192  37:48  SCV  
  193  38:00  SCV  
  194  38:21  SCV x2  
  194  38:23  Widow Mine  
  194  38:40  Battlecruiser  
  200  39:26  Supply Depot  
  200  39:27  Supply Depot  
  200  39:28  Supply Depot  
  200  39:53  Planetary Fortress, Missile Turret  
  200  40:00  Starport  
  200  40:01  Starport x2  
  200  40:02  Starport  
  200  40:35  SCV, Ghost, Widow Mine  
  199  40:47  SCV  
  200  41:09  Refinery, Planetary Fortress  
  200  41:11  Refinery  
  200  42:30  Starport Tech Lab x4  
  200  42:40  Refinery  
Show
View Real Time Build Order
Export as new Build Order

Jawa Protoss 

Build Orders: 1 Gate Expand, Zealot Archon, Colossus Rush 

Get SALT Encoding   

  12  0:01  Probe  
  13  0:13  Probe  
  14  0:19  Pylon  
  14  0:25  Probe  
  15  0:33  Probe  
  15  0:40  Gateway  
  15  0:41  Probe  
  17  0:51  Assimilator  
  17  1:00  Probe  
  18  1:08  Probe  
  18  1:16  Probe  
  20  1:30  Nexus  
  20  1:41  Cybernetics Core  
  20  1:46  Probe  
  21  2:00  Assimilator  
  21  2:03  Probe, Pylon  
  22  2:15  Probe  
  23  2:17  Stalker  
  23  2:25  Robotics Facility  
  23  2:27  Probe  
  25  2:39  Probe  
  26  2:45  Probe  
  27  2:51  Probe  
  27  2:57  Probe  
  28  3:04  Probe  
  29  3:09  Probe  
  30  3:16  Probe  
  31  3:26  Probe  
  30  3:28  Probe  
  30  3:32  Robotics Bay  
  31  3:38  Stalker  
  31  3:40  Probe  
  34  3:41  Probe  
  34  3:43  Assimilator  
  34  3:47  Assimilator  
  35  3:48  Probe  
  35  3:49  Gateway, Probe  
  37  3:58  Shield Battery  
  37  3:59  Shield Battery  
  37  4:00  Probe x2  
  37  4:09  Sentry  
  42  4:18  Warp Gate  
  41  4:27  Pylon  
  41  4:28  Stalker  
  41  4:30  Twilight Council  
  41  4:31  Probe  
  44  4:40  Probe  
  44  4:43  Probe  
  44  4:45  Colossus  
  52  4:50  Probe  
  53  4:56  Probe  
  54  5:05  Pylon  
  54  5:10  Templar Archives  
  54  5:15  Extended Thermal Lance  
  54  5:16  Pylon  
  54  5:23  Probe x2  
  56  5:33  Nexus  
  58  5:35  Probe x2  
  58  5:38  Pylon  
  58  5:47  Probe x2  
  58  5:49  Psionic Storm  
  60  5:55  Colossus  
  60  6:04  Gateway  
  60  6:06  Gateway, High Templar  
  60  6:07  High Templar  
  60  6:11  Archon  
  64  6:16  Probe x2  
  72  6:25  Pylon  
  72  6:28  Forge  
  72  6:29  Charge  
  72  6:43  Probe x2  
  72  6:45  Probe  
  75  6:47  Colossus, High Templar x2  
  79  6:55  Probe x2  
  79  6:57  Probe  
  88  7:04  Assimilator  
  88  7:08  Assimilator  
  88  7:10  Probe  
  88  7:11  Shield Battery  
  88  7:12  Probe, Shield Battery  
  88  7:13  Probe  
  88  7:14  Stalker x2  
  88  7:15  Shield Battery  
  94  7:18  Probe  
  94  7:22  Protoss Ground Weapons Level 1  
  96  7:24  Probe  
  96  7:27  Zealot x2  
  101  7:39  Pylon  
  101  7:42  Pylon  
  101  7:45  Pylon  
  101  7:53  Gateway  
  101  7:55  Gateway  
  101  7:58  Pylon  
  101  8:00  Probe x3  
  101  8:02  Gateway  
  104  8:06  Warp Prism  
  104  8:11  Photon Cannon  
  104  8:12  Probe x2  
  106  8:13  Photon Cannon  
  108  8:28  Photon Cannon  
  66  8:56  High Templar x2  
  66  8:57  High Templar x4  
  66  9:00  Probe x3  
  66  9:01  Blink  
  81  9:03  Archon x2  
  81  9:12  Probe x3  
  81  9:15  Stargate  
  81  9:16  Stargate  
  84  9:19  Gateway  
  84  9:20  Gateway  
  84  9:22  Dark Shrine  
  84  9:24  Zealot  
  84  9:32  Protoss Ground Weapons Level 2  
  84  9:34  Probe x3  
  87  9:39  Nexus  
  87  9:40  Pylon  
  87  9:42  Pylon  
  87  9:44  Stalker x3  
  87  9:45  Stalker  
  95  9:46  Probe  
  95  9:47  Pylon  
  95  9:50  Pylon  
  96  10:00  Stalker x3  
  96  10:01  Probe  
  96  10:02  Probe x2  
  105  10:09  Fleet Beacon  
  105  10:10  Zealot x4  
  113  10:14  Observer  
  114  10:25  Probe x2  
  114  10:26  Probe  
  117  10:35  Dark Templar x2  
  121  10:37  Probe  
  121  10:38  Probe  
  123  10:44  Tempest  
  123  10:45  Tempest  
  123  10:46  Zealot  
  123  10:47  Zealot x6  
  147  10:58  Probe x2  
  147  10:59  Probe  
  147  11:02  Assimilator  
  146  11:07  Assimilator  
  146  11:09  Shield Battery  
  146  11:10  Probe  
  146  11:11  Shield Battery  
  147  11:14  Shield Battery  
  147  11:20  Probe  
  147  11:21  Probe  
  147  11:22  Probe  
  150  11:26  Stalker x2  
  150  11:27  Stalker x2, Tempest x2  
  150  11:31  Observer  
  168  11:33  Probe  
  170  11:48  Robotics Facility  
  170  11:49  Observer  
  171  12:06  Pylon  
  171  12:08  Pylon  
  171  12:09  Photon Cannon, Protoss Ground Weapons Level 3  
  171  12:10  Photon Cannon  
  171  12:12  Photon Cannon  
  171  12:18  Photon Cannon  
  171  12:23  Photon Cannon  
  171  12:24  Immortal, Tempest  
  171  12:25  Tempest  
  171  12:26  Stalker  
  171  12:27  Photon Cannon  
  185  12:57  Pylon  
  185  12:59  Pylon  
  185  13:00  Pylon  
  182  13:10  Probe x3  
  147  13:22  Probe  
  147  13:24  Observer  
  139  13:30  High Templar x6  
  139  13:31  High Templar x2  
  153  13:35  Archon x3  
  153  13:36  Archon  
  153  13:39  Stalker  
  153  13:41  Probe x3  
  125  14:07  Zealot x9  
  125  14:20  Immortal  
  125  14:22  Immortal  
  120  14:24  Probe  
  113  14:36  Probe, Zealot x4  
  113  14:37  Zealot x5  
  136  14:48  Probe  
  137  14:53  Nexus  
  137  14:55  Pylon  
  137  14:56  Pylon  
  137  14:58  Probe x2  
  137  14:59  Immortal  
  143  15:01  Probe, Immortal  
  148  15:10  Probe x2  
  148  15:11  Dark Templar  
  148  15:12  Dark Templar x5  
  162  15:35  Immortal  
  162  15:41  Immortal  
  170  15:45  Nexus  
  127  16:08  Immortal  
  127  16:14  Photon Cannon  
  127  16:16  Photon Cannon  
  127  16:18  Photon Cannon  
  131  16:19  Probe  
  131  16:20  Photon Cannon, Probe, Immortal  
  131  16:22  Photon Cannon  
  131  16:25  Pylon  
  137  16:29  Pylon  
  137  16:31  Probe  
  137  16:32  Probe, Tempest x2  
  139  16:33  Shield Battery  
  139  16:34  Zealot x6  
  139  16:35  Stalker x3, Shield Battery  
  139  16:38  Shield Battery  
  167  16:58  Stalker x3  
  167  16:59  Stalker x5  
  183  17:05  Pylon  
  183  17:08  Pylon  
  183  17:09  Probe x2  
  183  17:15  Tempest  
  190  17:16  Assimilator  
  190  17:18  Assimilator  
  190  17:21  Probe  
  179  17:46  Immortal  
  179  17:47  Immortal  
  179  17:48  Tempest  
  192  17:57  Tempest  
  167  18:09  Protoss Air Weapons Level 1  
  157  18:24  Zealot x6  
  157  18:25  Zealot x3  
  157  18:26  Immortal x2  
  181  18:54  Stalker x6  
  181  18:55  Stalker x3  
  199  19:17  Nexus  
  199  19:21  Pylon  
  199  19:23  Pylon  
  199  19:25  Pylon  
  199  19:28  Pylon  
  199  19:30  Pylon  
  170  19:56  Immortal  
  170  19:59  Immortal  
  115  20:24  Zealot x9  
  133  20:28  Immortal  
  137  20:37  Assimilator  
  137  20:38  Immortal  
  137  20:41  Assimilator  
  123  21:08  Immortal  
  126  21:18  Immortal  
  130  21:19  Zealot x7  
  130  21:20  Zealot x2, Tempest x2  
  156  21:40  Probe  
  157  21:47  Immortal  
  157  21:49  Immortal  
  157  21:51  Robotics Facility  
  162  21:58  Protoss Air Weapons Level 2  
  162  22:00  Stalker x2  
  162  22:01  Stalker x6  
  181  22:14  Zealot  
  182  22:24  Zealot x8  
  182  22:26  Observer  
  197  22:47  Observer  
  197  22:48  Observer  
  199  23:04  Gravitic Boosters  
  188  23:24  Probe x2  
  185  23:36  Probe x2  
  187  23:48  Probe x3  
  188  23:52  Nexus, High Templar x2  
  194  24:00  Probe x2  
  200  24:05  Nexus  
  194  24:11  Colossus  
  194  24:12  Probe  
  194  24:15  Colossus  
  176  24:22  Colossus  
  188  25:16  High Templar  
  188  25:17  High Templar x3  
  196  25:26  Pylon  
  196  25:27  Pylon  
  196  25:29  Pylon  
  196  25:31  Pylon  
  196  25:32  Pylon  
  196  25:34  Pylon  
  196  25:35  Pylon  
  196  25:36  Observer  
  191  25:49  Nexus  
  187  25:50  Pylon  
  187  25:51  Pylon  
  187  25:54  Pylon  
  187  25:55  Pylon  
  187  25:58  Observer  
  133  26:09  Zealot x5  
  133  26:10  Zealot x4  
  138  26:14  Probe  
  134  26:19  Observer  
  134  26:22  Probe, Colossus  
  134  26:25  Colossus  
  141  26:31  Probe  
  148  26:33  Photon Cannon  
  148  26:34  Photon Cannon  
  148  26:35  Photon Cannon  
  148  26:37  Photon Cannon  
  148  26:39  Photon Cannon  
  149  26:41  Photon Cannon  
  149  26:42  Photon Cannon  
  149  26:43  Assimilator  
  149  26:44  Probe, Photon Cannon  
  149  26:45  Photon Cannon  
  149  26:46  Photon Cannon  
  150  26:49  Photon Cannon  
  148  26:56  Probe  
  148  26:57  Zealot x3  
  144  27:17  Assimilator  
  144  27:18  High Templar x3  
  144  27:19  High Templar x6  
  144  27:22  Archon  
  162  27:23  Archon x3  
  162  27:36  Oracle x2  
  157  27:51  Probe x2  
  165  27:53  Probe  
  163  28:03  Observer, Probe x2  
  163  28:05  Observer, Probe  
  149  28:15  Probe x2  
  149  28:17  Probe  
  152  28:27  Probe x2  
  152  28:29  Probe  
  155  28:37  Archon  
  155  28:38  Archon  
  155  28:40  Probe  
  155  28:44  Probe x2  
  158  28:48  Probe  
  158  28:54  Oracle x2  
  165  28:56  Probe x2  
  165  28:58  Probe  
  168  29:08  Probe x2  
  166  29:10  Probe  
  167  29:20  Probe x2  
  167  29:22  Observer  
  157  29:25  Observer  
  158  29:41  Oracle x2  
  164  30:04  Zealot x9  
  180  30:32  Zealot x2  
  180  30:33  Zealot x4  
  180  30:34  Stalker  
  116  31:16  Zealot x6  
  116  31:17  High Templar x2, Zealot  
  108  31:41  Zealot x3  
  108  31:42  Zealot x2  
  118  31:50  Archon  
  118  31:52  High Templar x3  
  118  31:53  High Templar  
  118  32:00  Archon x2  
  116  32:10  Stalker x4  
  116  32:14  Colossus  
  130  32:18  Oracle x2  
  127  32:37  Observer  
  127  32:43  Assimilator  
  121  33:05  Nexus  
  118  33:41  Probe x2  
  118  33:42  Probe  
  117  33:52  Assimilator  
  117  33:53  Probe, Zealot x2  
  117  33:54  Zealot x7  
  136  34:00  Observer  
  125  34:16  Probe  
  119  34:18  Observer  
  119  34:19  Probe x3  
  119  34:24  Probe  
  124  34:31  Probe x3  
  127  34:33  Probe  
  127  34:36  Void Ray  
  127  34:37  Void Ray  
  129  34:39  Observer  
  129  34:43  Probe x3  
  127  35:01  Observer  
  127  35:03  Stalker x2  
  127  35:04  Stalker x3  
  116  35:43  Stalker  
  116  35:44  Stalker x4  
  111  36:09  Void Ray  
  103  36:41  Zealot x2  
  103  36:42  Zealot x7  
  96  37:12  Zealot x4  
  96  37:13  Zealot x5  
Tags
 
Add a new tag
Caveats
  • Supply blocks, unpowered buildings, or Contaminate may cause inaccurate times.
  • Supply counts are checked every 10 seconds.